| TOP OF THE 1ST |
|
Idaho Falls Chukars batting - Pitching for Hudson Valley Renegades : RHP Josh McMahan
|
|
Pitching: RHP Josh McMahan
|
|
|
Batting: RHB Tim Persson
|
0-0: Swinging Strike 0-1: Foul Ball, location: 2F 0-2: Strikes out swinging
|
|
Batting: RHB Kevin Wimberly
|
0-0: Ball 1-0: Ball 2-0: Fly out, F7 (Flyball, 78D, EV 93.1 MPH)
|
|
Batting: LHB Joe Cozart
|
0-0: Called Strike 0-1: Ball 1-1: Ball 2-1: Foul Ball, location: 2F 2-2: Ball 3-2: Foul Ball, location: 2F 3-2: Ground out 4-3 (Groundball, 4, EV 104.4 MPH)
|
| Top of the 1st over - 0 runs, 0 hits, 0 errors, 0 left on base; Idaho Falls 0 - Hudson Valley 0 |
| BOTTOM OF THE 1ST |
|
Hudson Valley Renegades batting - Pitching for Idaho Falls Chukars : RHP Justin Potts
|
|
Pitching: RHP Justin Potts
|
|
|
Batting: RHB Khalil Walker
|
0-0: Ball 1-0: Called Strike 1-1: Ground out 4-3 (Groundball, 4, EV 91.9 MPH)
|
|
Batting: RHB Isaiah Easter
|
0-0: Ball 1-0: Ball 2-0: SOLO HOME RUN (Flyball, 7LD, EV 96.9 MPH), Distance : 350 ft
|
|
Batting: LHB Rocky Crowley
|
0-0: Ball 1-0: Ball 2-0: Called Strike 2-1: Ball 3-1: Swinging Strike 3-2: SOLO HOME RUN (Flyball, 9LD, EV 96.2 MPH), Distance : 342 ft
|
|
Batting: RHB Wil Urban
|
0-0: Foul Ball, location: 2F 0-1: Swinging Strike 0-2: Ground out 5-3 (Groundball, 56, EV 103.8 MPH)
|
|
Batting: RHB Eric Narrow
|
0-0: Ball 1-0: Called Strike 1-1: Ball 2-1: Fly out, F8 (Flyball, 8LD, EV 86.2 MPH)
|
| Bottom of the 1st over - 2 runs, 2 hits, 0 errors, 0 left on base; Idaho Falls 0 - Hudson Valley 2 |
| TOP OF THE 2ND |
|
Idaho Falls Chukars batting - Pitching for Hudson Valley Renegades : RHP Josh McMahan
|
|
Batting: RHB Edwin Ramos
|
0-0: Fly out, F8 (Flyball, 8LD, EV 98.8 MPH)
|
|
Batting: RHB Chad Sullivan
|
0-0: Called Strike 0-1: Ball 1-1: Ball 2-1: Ball 3-1: Foul Ball, location: 2F 3-2: Strikes out looking
|
|
Batting: RHB Chance Argy
|
0-0: Ball 1-0: Ball 2-0: Fly out, F8 (Line Drive, 8RS, EV 95.0 MPH)
|
| Top of the 2nd over - 0 runs, 0 hits, 0 errors, 0 left on base; Idaho Falls 0 - Hudson Valley 2 |
| BOTTOM OF THE 2ND |
|
Hudson Valley Renegades batting - Pitching for Idaho Falls Chukars : RHP Justin Potts
|
|
Batting: SHB Suljo Dokic
|
0-0: Ball 1-0: SINGLE (Groundball, 4MD, EV 95.0 MPH)
|
|
Batting: SHB Josif Popovski
|
0-0: Called Strike 0-1: Ball 1-1: Called Strike 1-2: Fielders Choice at 2nd, 6-4 (Groundball, 6M, EV 104.4 MPH)
|
|
Batting: RHB Jesus Carrillo
|
0-0: Ball Josif Popovski steals 2nd base (no throw) 1-0: Ball 2-0: Called Strike 2-1: Swinging Strike 2-2: Ball 3-2: SINGLE (Groundball, 56D, EV 100.6 MPH) Josif Popovski to third
|
|
Pitching: RHP Bryan Kiefer
|
|
|
Batting: RHB Greg Grayson
|
0-0: Fly out, F8 (Flyball, 78S, EV 85.6 MPH)
|
|
Batting: RHB Khalil Walker
|
0-0: Ball 1-0: Ball 2-0: Ground out 5-3 (Groundball, 56, EV 111.2 MPH)
|
| Bottom of the 2nd over - 0 runs, 2 hits, 0 errors, 2 left on base; Idaho Falls 0 - Hudson Valley 2 |
| TOP OF THE 3RD |
|
Idaho Falls Chukars batting - Pitching for Hudson Valley Renegades : RHP Josh McMahan
|
|
Batting: LHB Randy Stapleton
|
0-0: Called Strike 0-1: Foul Ball, location: 2F 0-2: Ball 1-2: Ball 2-2: Ball 3-2: Ground out 5-3 (Groundball, 56S, EV 87.5 MPH)
|
|
Batting: RHB Justin Goff
|
0-0: Swinging Strike 0-1: Ball 1-1: Ball 2-1: Ground out 6-3 (Groundball, 6M, EV 86.2 MPH)
|
|
Batting: LHB Danny Pacheco
|
0-0: Foul Ball, location: 2F 0-1: Foul Ball, location: 2F 0-2: Ball 1-2: Strikes out swinging
|
| Top of the 3rd over - 0 runs, 0 hits, 0 errors, 0 left on base; Idaho Falls 0 - Hudson Valley 2 |
| BOTTOM OF THE 3RD |
|
Hudson Valley Renegades batting - Pitching for Idaho Falls Chukars : RHP Bryan Kiefer
|
|
Batting: RHB Isaiah Easter
|
0-0: Ball 1-0: Swinging Strike 1-1: Ball 2-1: SINGLE (Groundball, 34S, EV 63.8 MPH) (infield hit)
|
|
Batting: LHB Rocky Crowley
|
0-0: Ball Isaiah Easter steals 2nd base 1-0: SINGLE (Groundball, 34D, EV 88.1 MPH) (infield hit) Isaiah Easter to third
|
|
Pinch Runner at 1st Chris Lockart:
|
|
|
Batting: RHB Wil Urban
|
0-0: Called Strike Chris Lockart steals 2nd base (no throw) 0-1: Ball 1-1: Ball 2-1: Swinging Strike 2-2: Foul Ball, location: 2F 2-2: Ball 3-2: Foul Ball, location: 2F 3-2: Strikes out looking
|
|
Pitching: RHP Kevin Tumbleson
|
|
|
Batting: RHB Eric Narrow
|
0-0: Called Strike 0-1: Ball Wild Pitch! Isaiah Easter scores Chris Lockart to third 1-1: Swinging Strike 1-2: Ball 2-2: TRIPLE (Flyball, 9LD, EV 95.6 MPH) Chris Lockart scores
|
|
Batting: SHB Suljo Dokic
|
0-0: Called Strike 0-1: Called Strike 0-2: Foul Ball, location: 2F 0-2: Ball 1-2: Strikes out looking
|
|
Batting: SHB Josif Popovski
|
0-0: Called Strike 0-1: SINGLE (Groundball, 23, EV 70.0 MPH) (infield hit) Eric Narrow scores
|
|
Batting: RHB Jesus Carrillo
|
0-0: Called Strike 0-1: Ball Josif Popovski steals 2nd base 1-1: Swinging Strike 1-2: Ball 2-2: Ball 3-2: Base on Balls
|
|
Pitching: RHP Mike Galvin
|
|
|
Batting: RHB Greg Grayson
|
0-0: Called Strike 0-1: Ball 1-1: Foul Ball, location: 2F 1-2: Ball 2-2: Strikes out swinging
|
| Bottom of the 3rd over - 3 runs, 4 hits, 0 errors, 2 left on base; Idaho Falls 0 - Hudson Valley 5 |
| TOP OF THE 4TH |
|
Idaho Falls Chukars batting - Pitching for Hudson Valley Renegades : RHP Josh McMahan
|
|
Now in RF: Chris Lockart
|
|
|
Batting: RHB Tim Persson
|
0-0: Swinging Strike 0-1: Foul Ball, location: 2F 0-2: Ball 1-2: Ball 2-2: Ball 3-2: Strikes out swinging
|
|
Batting: RHB Kevin Wimberly
|
0-0: Ball 1-0: Ball 2-0: Called Strike 2-1: Ball 3-1: Base on Balls
|
|
Batting: LHB Joe Cozart
|
0-0: Ball 1-0: Fielders Choice at 2nd, 4-6 (Groundball, 4, EV 100.6 MPH)
|
|
Batting: RHB Edwin Ramos
|
0-0: Called Strike 0-1: Ground out 4-3 (Groundball, 4S, EV 65.6 MPH)
|
| Top of the 4th over - 0 runs, 0 hits, 0 errors, 1 left on base; Idaho Falls 0 - Hudson Valley 5 |
| BOTTOM OF THE 4TH |
|
Hudson Valley Renegades batting - Pitching for Idaho Falls Chukars : RHP Mike Galvin
|
|
Pinch Hitting: LHB Josh Redfern
|
0-0: Ball 1-0: Ball 2-0: Ground out 6-3 (Groundball, 6, EV 101.9 MPH)
|
|
Batting: RHB Isaiah Easter
|
0-0: Called Strike 0-1: Called Strike 0-2: Ball 1-2: Fly out, F8 (Flyball, 8RD, EV 96.9 MPH)
|
|
Batting: SHB Chris Lockart
|
0-0: SINGLE (Groundball, 23, EV 63.1 MPH) (infield hit)
|
|
Batting: RHB Wil Urban
|
0-0: Ball 1-0: Called Strike 1-1: Ball 2-1: Foul Ball, location: 2F 2-2: Strikes out looking
|
| Bottom of the 4th over - 0 runs, 1 hit, 0 errors, 1 left on base; Idaho Falls 0 - Hudson Valley 5 |
| TOP OF THE 5TH |
|
Idaho Falls Chukars batting - Pitching for Hudson Valley Renegades : RHP Josh McMahan
|
|
Now at 2B: Josif Popovski
|
|
|
Now at 3B: Evan Chalarian
|
|
|
Batting: RHB Chad Sullivan
|
0-0: Called Strike 0-1: Ball 1-1: Ball 2-1: Foul Ball, location: 2F 2-2: Ground out 5-3 (Groundball, 56, EV 84.4 MPH)
|
|
Batting: RHB Chance Argy
|
0-0: Fly out, F8 (Flyball, 8LM, EV 73.1 MPH)
|
|
Batting: LHB Randy Stapleton
|
0-0: Foul Ball, location: 2F 0-1: Ground out 6-3 (Groundball, 6, EV 104.4 MPH)
|
| Top of the 5th over - 0 runs, 0 hits, 0 errors, 0 left on base; Idaho Falls 0 - Hudson Valley 5 |
| BOTTOM OF THE 5TH |
|
Hudson Valley Renegades batting - Pitching for Idaho Falls Chukars : RHP Mike Galvin
|
|
Pitching: RHP Phil Kellum
|
|
|
Batting: RHB Eric Narrow
|
0-0: Called Strike 0-1: Ball 1-1: Ball 2-1: SINGLE (Groundball, 56D, EV 95.0 MPH)
|
|
Batting: SHB Suljo Dokic
|
0-0: Ball Eric Narrow steals 2nd base (no throw) 1-0: Ball 2-0: DOUBLE (Groundball, 3L, EV 94.4 MPH) Eric Narrow scores
|
|
Batting: SHB Josif Popovski
|
0-0: Fly out, F6 (Popup, 6, EV 66.9 MPH)
|
|
Batting: RHB Jesus Carrillo
|
0-0: SINGLE (Line Drive, 8LS, EV 109.4 MPH) Suljo Dokic to third
|
|
Batting: RHB Greg Grayson
|
0-0: Ball 1-0: Foul Ball, location: 2F 1-1: SINGLE (Groundball, 6D, EV 96.2 MPH) Suljo Dokic scores Jesus Carrillo to second
|
|
Batting: RHB Evan Chalarian
|
0-0: Hit by Pitch Jesus Carrillo to third Greg Grayson to second
|
|
Batting: RHB Isaiah Easter
|
0-0: Ball 1-0: Swinging Strike 1-1: Ball 2-1: Ball 3-1: Foul Ball, location: 2F 3-2: Base on Balls Jesus Carrillo scores Greg Grayson to third Evan Chalarian to second
|
|
Pitching: RHP Josh Rutledge
|
|
|
Batting: SHB Chris Lockart
|
0-0: Called Strike 0-1: Called Strike 0-2: Ball 1-2: Ball 2-2: Foul Ball, location: 2F 2-2: Ball 3-2: Fielders Choice at 2nd, 4-6 (Groundball, 4, EV 90.0 MPH) Greg Grayson scores Evan Chalarian to third
|
|
Batting: RHB Wil Urban
|
0-0: Ball Passed Ball! Evan Chalarian scores Chris Lockart to second 1-0: Ball 2-0: Ball 3-0: Base on Balls
|
|
Batting: RHB Eric Narrow
|
0-0: Swinging Strike 0-1: Fielders Choice at 2nd, 5-4 (Groundball, 5, EV 87.5 MPH)
|
| Bottom of the 5th over - 5 runs, 4 hits, 0 errors, 2 left on base; Idaho Falls 0 - Hudson Valley 10 |
| TOP OF THE 6TH |
|
Idaho Falls Chukars batting - Pitching for Hudson Valley Renegades : RHP Josh McMahan
|
|
Batting: RHB Justin Goff
|
0-0: Ball 1-0: Foul Ball, location: 2F 1-1: Ball 2-1: Ground out 6-3 (Groundball, 6M, EV 106.2 MPH)
|
|
Batting: LHB Danny Pacheco
|
0-0: Ball 1-0: Swinging Strike 1-1: Ball 2-1: Ball 3-1: Called Strike 3-2: Fly out, F5 (Popup, 5SF, EV 86.2 MPH)
|
|
Batting: RHB Tim Persson
|
0-0: Hit by Pitch
|
|
Batting: RHB Kevin Wimberly
|
0-0: Called Strike Tim Persson steals 2nd base 0-1: Called Strike 0-2: Strikes out swinging
|
| Top of the 6th over - 0 runs, 0 hits, 0 errors, 1 left on base; Idaho Falls 0 - Hudson Valley 10 |
| BOTTOM OF THE 6TH |
|
Hudson Valley Renegades batting - Pitching for Idaho Falls Chukars : RHP Josh Rutledge
|
|
Batting: SHB Suljo Dokic
|
0-0: Ball 1-0: Swinging Strike 1-1: Swinging Strike 1-2: Ball 2-2: Foul Ball, location: 2F 2-2: Ball 3-2: Strikes out swinging
|
|
Pitching: RHP Ian Current
|
|
|
Batting: SHB Josif Popovski
|
0-0: Called Strike 0-1: Fly out, F5 (Line Drive, 5, EV 64.4 MPH)
|
|
Batting: RHB Jesus Carrillo
|
0-0: Foul Ball, location: 2F 0-1: Swinging Strike 0-2: Ball 1-2: Ball 2-2: Strikes out swinging
|
| Bottom of the 6th over - 0 runs, 0 hits, 0 errors, 0 left on base; Idaho Falls 0 - Hudson Valley 10 |
| TOP OF THE 7TH |
|
Idaho Falls Chukars batting - Pitching for Hudson Valley Renegades : RHP Josh McMahan
|
|
Pinch Hitting: RHB Shane Bruce
|
0-0: Ball 1-0: Ball 2-0: Ball 3-0: Base on Balls
|
|
Pinch Hitting: SHB Marcos Cortez
|
0-0: Called Strike 0-1: Ball 1-1: Fielders Choice at 2nd, 4-6 (Groundball, 4, EV 108.1 MPH)
|
|
Pinch Hitting: LHB Josh Dalton
|
0-0: Called Strike 0-1: Called Strike 0-2: Strikes out swinging
|
|
Batting: RHB Chance Argy
|
0-0: Called Strike 0-1: Foul Ball, location: 2F 0-2: Fielders Choice at 2nd, 6-4 (Groundball, 6, EV 108.1 MPH)
|
| Top of the 7th over - 0 runs, 0 hits, 0 errors, 1 left on base; Idaho Falls 0 - Hudson Valley 10 |
| BOTTOM OF THE 7TH |
|
Hudson Valley Renegades batting - Pitching for Idaho Falls Chukars : RHP Ian Current
|
|
Now at 3B: Shane Bruce
|
|
|
Now at SS: Marcos Cortez
|
|
|
Now in RF: Josh Dalton
|
|
|
Batting: RHB Greg Grayson
|
0-0: Ball 1-0: Ball 2-0: Called Strike 2-1: Foul Ball, location: 2F 2-2: Ball 3-2: Base on Balls
|
|
Batting: RHB Evan Chalarian
|
0-0: Called Strike 0-1: Ball 1-1: Fielders Choice at 2nd, 3-6 (Groundball, 34S, EV 86.2 MPH)
|
|
Pinch Hitting: RHB Jeremy Whitehurst
|
0-0: Swinging Strike 0-1: Ball 1-1: Swinging Strike 1-2: DOUBLE (Groundball, 5L, EV 102.5 MPH) Evan Chalarian to third Runner from 3rd tries for Home, SAFE, throw by LF to home
|
|
Pitching: LHP Ernesto Abreu
|
|
|
Batting: SHB Chris Lockart
|
0-0: Swinging Strike 0-1: Foul Ball, location: 2F 0-2: Ball 1-2: Ball 2-2: Ball 3-2: Ground out U3 (Groundball, 23, EV 88.8 MPH) Jeremy Whitehurst to third
|
|
Batting: RHB Wil Urban
|
0-0: Ball 1-0: Foul Ball, location: 2F 1-1: Ball 2-1: Called Strike 2-2: Strikes out swinging
|
| Bottom of the 7th over - 1 run, 1 hit, 0 errors, 1 left on base; Idaho Falls 0 - Hudson Valley 11 |
| TOP OF THE 8TH |
|
Idaho Falls Chukars batting - Pitching for Hudson Valley Renegades : RHP Josh McMahan
|
|
Now in LF: Eddie Zamora
|
|
|
Batting: SHB Sean Hill
|
0-0: Called Strike 0-1: Ball 1-1: Foul Ball, location: 2F 1-2: Foul Ball, location: 2F 1-2: Ball 2-2: SINGLE (Groundball, 4MD, EV 102.5 MPH)
|
|
Pitching: RHP Suezo Nagai
|
|
|
Batting: RHB Justin Goff
|
0-0: Foul Ball, location: 2F 0-1: Foul Ball, location: 2F 0-2: Strikes out looking
|
|
Batting: LHB Danny Pacheco
|
0-0: Called Strike 0-1: Foul Ball, location: 2F 0-2: Ball 1-2: Ball 2-2: Strikes out swinging
|
|
Batting: RHB Tim Persson
|
0-0: Ball 1-0: Swinging Strike 1-1: Ball 2-1: Ball 3-1: Called Strike 3-2: Strikes out looking
|
| Top of the 8th over - 0 runs, 1 hit, 0 errors, 1 left on base; Idaho Falls 0 - Hudson Valley 11 |
| BOTTOM OF THE 8TH |
|
Hudson Valley Renegades batting - Pitching for Idaho Falls Chukars : LHP Ernesto Abreu
|
|
Batting: RHB Eric Narrow
|
0-0: Ball 1-0: DOUBLE (Line Drive, 8RD, EV 110.6 MPH)
|
|
Batting: SHB Suljo Dokic
|
Balk! Eric Narrow to third 0-0: Swinging Strike 0-1: Foul Ball, location: 2F 0-2: Strikes out swinging
|
|
Batting: SHB Josif Popovski
|
0-0: Swinging Strike 0-1: Ball 1-1: SINGLE (Line Drive, 89S, EV 106.9 MPH) Eric Narrow scores
|
|
Batting: RHB Jesus Carrillo
|
0-0: Ball 1-0: Ball 2-0: Swinging Strike 2-1: Ball 3-1: Foul Ball, location: 2F 3-2: Foul Ball, location: 2F 3-2: Foul Ball, location: 2F 3-2: SINGLE (Groundball, 5S, EV 70.0 MPH) (infield hit) Josif Popovski to second
|
|
Batting: RHB Greg Grayson
|
0-0: Ball 1-0: Fly out, F8 (Flyball, 89M, EV 95.0 MPH)
|
|
Batting: RHB Evan Chalarian
|
0-0: Called Strike 0-1: Ball 1-1: SINGLE (Groundball, 6M, EV 98.1 MPH) Josif Popovski to third Jesus Carrillo to second Runner from 3rd tries for Home, SAFE, throw by CF to home
|
|
Batting: RHB Eddie Zamora
|
0-0: Called Strike 0-1: Fielders Choice at 2nd, 6-4 (Groundball, 4M, EV 77.5 MPH)
|
| Bottom of the 8th over - 2 runs, 4 hits, 0 errors, 2 left on base; Idaho Falls 0 - Hudson Valley 13 |
| TOP OF THE 9TH |
|
Idaho Falls Chukars batting - Pitching for Hudson Valley Renegades : RHP Suezo Nagai
|
|
Batting: RHB Kevin Wimberly
|
0-0: Ball 1-0: Foul Ball, location: 2F 1-1: Swinging Strike 1-2: Ball 2-2: Strikes out looking
|
|
Batting: RHB Shane Bruce
|
0-0: Ball 1-0: Ball 2-0: Ball 3-0: Called Strike 3-1: Ground out 4-3 (Groundball, 4, EV 98.1 MPH)
|
|
Batting: SHB Marcos Cortez
|
0-0: Foul Ball, location: 2F 0-1: Foul Ball, location: 2F 0-2: Strikes out swinging
|
| Top of the 9th over - 0 runs, 0 hits, 0 errors, 0 left on base; Idaho Falls 0 - Hudson Valley 13 |
|